 Dungeon Crawl Stone Soup version 0.14.0-7-g2801ba0 (webtiles) character file.

305 Qrupt the Spear-Bearer (level 5, -1/42 HPs)
             Began as a Merfolk Gladiator on Apr 12, 2014.
             Succumbed to Crazy Yiuf's poison
             ... on Level 3 of the Dungeon.
             The game lasted 00:07:55 (2585 turns).

Qrupt the Spear-Bearer (Merfolk Gladiator)          Turns: 2585, Time: 00:07:55

HP  -1/42        AC  6     Str 15      XL: 5   Next: 88%
MP   5/5         EV 10     Int  8      God:
Gold 94          SH  0     Dex 15      Spells:  0 memorised,  4 levels left

rFire  . . .     SeeInvis .     a - +0 trident
rCold  . . .     Clarity  .     r - +0 ring mail
rNeg   . . .     Conserve .     (no shield)
rPois  .         rCorr    .     c - +0 helmet
rElec  .         rRot     .     (no cloak)
SustAb . .       Spirit   .     (no gloves)
rMut   .         Warding  .     (no boots)
Saprov . . .     Stasis   .     (no amulet)
MR     .....                    (no ring)
                                (no ring)

@: lethally poisoned, drained, not resistant to hostile enchantments, very
unstealthy
A: change form in water, swift swim
a: no special abilities


You were on level 3 of the Dungeon.
You were hungry.

You visited 1 branch of the dungeon, and saw 3 of its levels.

You collected 94 gold pieces.

Inventory:

Hand weapons
 a - a +0,+0 trident (weapon)
 b - a cursed -2,-2 sling
Missiles
 d - 4 throwing nets (quivered)
 h - 16 stones
Armour
 c - a +0 helmet (worn)
 r - a +0 ring mail (worn)
Comestibles
 f - 2 bread rations
 p - an orange
 w - a lemon
Scrolls
 e - a scroll of recharging {unknown}
 g - 5 scrolls of teleportation {unknown}
 i - 4 scrolls of identify {unknown}
 j - a scroll of immolation {unknown}
 l - 2 scrolls of blinking {unknown}
 m - 2 scrolls of fog {unknown}
 o - a scroll of random uselessness {unknown}
 s - a scroll of remove curse {unknown}
Jewellery
 k - an uncursed ring of sustain abilities {unknown}
Potions
 n - 2 potions of flight
 q - a potion of beneficial mutation {unknown}
 u - a potion of cure mutation {unknown}
 v - 2 potions of heal wounds {unknown}
Rods
 t - a +1 rod of the swarm (13/13)
   (You found it on level 2 of the Dungeon)


   Skills:
 + Level 4.0(3.4) Fighting
 * Level 8.0(7.3) Polearms
 - Level 2.0(1.4) Throwing
 - Level 4.0(3.4) Dodging


You had 4 spell levels left.
You didn't know any spells.

Dungeon Overview and Level Annotations

Branches:
Dungeon (3/15)

Altars:
Yredelemnul

Annotations:
D:3 Crazy Yiuf


Message History

Crazy Yiuf is heavily wounded.
Crazy Yiuf hits you with a quarterstaff of chaos.
You feel drained.
You hit Crazy Yiuf.
Crazy Yiuf is severely wounded.
Crazy Yiuf hits you with a quarterstaff of chaos!
You barely miss Crazy Yiuf.
Crazy Yiuf is severely wounded.
Crazy Yiuf hits you with a quarterstaff of chaos.
* * * LOW HITPOINT WARNING * * *
Crazy Yiuf freezes you.
* * * LOW HITPOINT WARNING * * *
You barely miss Crazy Yiuf.
Crazy Yiuf is severely wounded.
Crazy Yiuf hits you with a quarterstaff of chaos!
* * * LOW HITPOINT WARNING * * *
You are lethally poisoned!
You hit Crazy Yiuf.
Crazy Yiuf is almost dead.
You die...

## #.## #....# .
#..# ###..### ##.#
♣♣....♣♣
######'###♣♣...♣♣♣
#........#♣♣♣.♣♣♣♣
###........#♣♣.♣♣♣♣
..'........#♣♣♣.♣♣♣
###........#♣♣♣.♣♣♣
# #........# ♣♣♣@♣♣
#........# ♣##g##
#........# ...
########## #...#
#..)# #####


You could see Crazy Yiuf.

Vanquished Creatures
  An orc priest (D:2)
  An orc wizard (D:3)
  4 gnolls (D:2)
  3 adders (D:2)
  A worm (D:2)
  5 giant geckos
  2 orcs
  5 bats
  12 goblins
  6 hobgoblins
  8 jackals (D:1)
  9 kobolds
  3 quokkas (D:2)
  4 giant cockroaches
  5 giant newts
  5 rats
74 creatures vanquished.

Notes
Turn   | Place    | Note
--------------------------------------------------------------
     0 | D:1      | Qrupt, the Merfolk Gladiator, began the quest for the Orb.
     0 | D:1      | Reached XP level 1. HP: 16/16 MP: 1/1
   156 | D:1      | Reached XP level 2. HP: 23/23 MP: 2/2
   255 | D:1      | Reached skill level 5 in Polearms
   324 | D:1      | Reached XP level 3. HP: 28/28 MP: 3/3
   958 | D:2      | Reached skill level 6 in Polearms
   958 | D:2      | Reached XP level 4. HP: 26/35 MP: 4/4
  1520 | D:2      | Found a basalt altar of Yredelemnul.
  1643 | D:2      | Reached skill level 7 in Polearms
  1643 | D:2      | Reached XP level 5. HP: 7/42 MP: 5/5
  2300 | D:3      | Noticed a sky beast
  2402 | D:3      | Reached skill level 8 in Polearms
  2575 | D:3      | Noticed Crazy Yiuf
  2584 | D:3      | HP: 1/42 [Crazy Yiuf/quarterstaff of chaos (9)]
  2585 | D:3      | Succumbed to Crazy Yiuf's poison

Action                   |  1- 3 |  4- 6 || total
-------------------------+-------+-------++-------
Melee: Trident           |   110 |   152 ||   262
  Use: Potion            |       |     4 ||     4
